 Dungeon Crawl Stone Soup version 0.26-a0-43-g20b394cb32 (webtiles) character file.

Game seed: 14004461086167854860

78948 Mrkan the Bludgeoner (level 15, -2/130 HPs)
             Began as a Minotaur Fighter on June 2, 2020.
             Was the Champion of Fedhas.
             Slain by Snorg (19 damage)
             ... on level 12 of the Dungeon.
             The game lasted 00:39:27 (23625 turns).

Mrkan the Bludgeoner (Minotaur Fighter)            Turns: 23625, Time: 00:39:28

Health: -2/130     AC: 31    Str: 23    XL:     15   Next: 19%
Magic:  23/23      EV:  7    Int:  9    God:    Fedhas [******]
Gold:   1257       SH: 13    Dex: 10    Spells: 14/14 levels left

rFire    + + .     SeeInvis .   P - +4 morningstar
rCold    + + +     Gourm    .   c - +0 kite shield
rNeg     . . .     Faith    .   B - +4 gold dragon scales
rPois    +         Spirit   .   V - +2 hat
rElec    .         Reflect  .   q - scarf {rC+ rF+}
rCorr    .         Harm     .   N - +0 pair of gloves
MR       +....                  p - +1 pair of boots
Stlth    ..........             T - amulet of the acrobat
HPRegen  0.31/turn              w - +4 ring of protection
MPRegen  0.18/turn              s - ring of protection from cold

@: no status effects
A: retaliatory headbutt, horns 2
a: Wall of Briars, Grow Ballistomycete, Overgrow, Grow Oklob, Renounce Religion


You were on level 12 of the Dungeon.
You worshipped Fedhas.
Fedhas was exalted by your worship.
You were not hungry.

You visited 2 branches of the dungeon, and saw 18 of its levels.

You collected 1257 gold pieces.

Inventory:

Hand Weapons
 P - a +4 morningstar (weapon)
Missiles
 e - 6 silver javelins (quivered)
Armour
 c - a +0 kite shield (worn)
 p - a +1 pair of boots (worn)
 q - a scarf of resistance (worn)
 B - +4 gold dragon scales (worn)
 N - a +0 pair of gloves (worn)
 V - a +2 hat (worn)
Jewellery
 a - an uncursed amulet of magic regeneration {unknown}
 k - an uncursed ring of protection from fire
 s - a ring of protection from cold (right hand)
 v - an uncursed ring of ice
 w - a +4 ring of protection (left hand)
 C - an uncursed amulet of guardian spirit {unknown}
 E - an uncursed ring of ice
 L - an uncursed ring of ice
 T - an amulet of the acrobat (around neck)
Wands
 y - a wand of disintegration (24)
 R - a wand of clouds (4)
 W - a wand of digging (5)
Scrolls
 h - 4 scrolls of teleportation
 j - 9 scrolls of identify
 l - 2 scrolls of enchant weapon
 n - 7 scrolls of fear
 o - 12 scrolls of remove curse
 t - 4 scrolls of magic mapping
 u - 4 scrolls of immolation
 x - 2 scrolls of amnesia
 F - 2 scrolls of fog
 I - a scroll of blinking
Potions
 b - a potion of berserk rage
 d - a potion of might
 g - 3 potions of haste
 i - 8 potions of curing
 m - 3 potions of degeneration
 r - 4 potions of lignification
 A - 2 potions of magic
 D - a potion of invisibility
 G - 2 potions of brilliance
 H - a potion of flight
 K - a potion of cancellation
 M - 2 potions of heal wounds
 O - a potion of mutation
 U - a potion of resistance
Miscellaneous
 Q - a box of beasts
Comestibles
 f - 37 rations
 z - 7 chunks of flesh


   Skills:
 + Level 11.5 Fighting
 - Level 16.1 Maces & Flails
 - Level 10.9 Armour
 - Level 10.0 Dodging
 * Level 12.6 Shields
 - Level 12.0 Invocations


You had 14 spell levels left.
You didn't know any spells.
Your spell library contained the following spells:

 Spells                   Type           Power        Failure   Level  Hunger
 Animate Skeleton         Necr           N/A          100%        1    ##.....
 Freeze                   Ice            #...         100%        1    ##.....
 Pain                     Necr           #...         100%        1    ##.....
 Frozen Ramparts          Ice            #.....       100%        3    ####...
 Ozocubu's Armour         Chrm/Ice       #.......     100%        3    ####...
 Vampiric Draining        Necr           #.........   100%        3    ####...
 Animate Dead             Necr           N/A          100%        4    #####..
 Hailstorm                Conj/Ice       #.......     100%        4    #####..
 Summon Ice Beast         Ice/Summ       #.......     100%        4    #####..
 Agony                    Necr           #.......     100%        5    ######.
 Starburst                Conj/Fire      #.........   100%        6    #######
 Ring of Flames           Chrm/Fire      #.........   100%        7    #######


Dungeon Overview and Level Annotations

Branches:
Dungeon (12/15)            Temple (0/1) D:4            Lair (6/6) D:10
  Swamp (0/4) Lair:3       Spider (0/4) Lair:2        Slime (0/5) Lair:5
    Orc: D:9-12

Altars:
Dithmenos
Fedhas
Hepliaklqana
Makhleb
Okawaru
Qazlal
Sif Muna
Trog
Uskayaw
Xom
Yredelemnul
Zin

Annotations:
D:5 1 runed translucent door, harlaan's ghost, novice DESu
D:9 3 runed translucent doors, Jielooc's ghost, novice DEFE
D:12 Snorg


Innate Abilities, Weirdness & Mutations

You reflexively headbutt those who attack you in melee.
You have a pair of horns on your head.


Message History

Snorg completely misses you. Snorg claws you but does no damage.
Snorg barely misses you.
You hit Snorg.
Snorg is almost dead.
Snorg bites you!
* * * LOW HITPOINT WARNING * * *
You block Snorg's attack. Snorg claws you but does no damage.
You barely miss Snorg. Your headbutt misses Snorg.
Snorg is almost dead.
You block Snorg's attack. x2; Snorg claws you but does no damage.
You closely miss Snorg. Your headbutt misses Snorg.
Snorg is almost dead.
Snorg bites you.
* * * LOW HITPOINT WARNING * * *
You block Snorg's attack. x2
You puncture Snorg!
Snorg is almost dead.
Snorg bites you!!
You die...
Fedhas appreciates your contribution to the ecosystem.

..... .K... #... #K.#
#TK# #..#
###########r.###########
.......@TKKK.(()((......
......############......
..... #..#### .... #..#
... #..# .. ... #..####
. ..#### ######......
..... .......<.... #...#
#######.....


You could see Snorg (berserk), a quokka and 3 kobolds.

Vanquished Creatures
  Gastronok (Lair:3)
  A fire dragon (D:10)
  Fannar (Lair:3)
  3 catoblepae (Lair:6)
  Erica (Lair:2)
  A hydra (D:11)
  15 death yaks
  Nergalle (D:10)
  An unseen horror (D:11)
  Pikel (D:6)
  2 ugly things
  2 manticores (Lair:6)
  2 elephants (Lair:5)
  A cyclops (D:12)
  8 black mambas
  17 spiny frogs
  A gargoyle (D:11)
  4 rime drakes
  A kobold demonologist (D:12)
  2 komodo dragons
  A polar bear (Lair:6)
  16 blink frogs
  Grinder (D:3)
  3 bog bodies (Lair:3)
  A hornet (Lair:2)
  6 hippogriffs
  Sigmund (D:2)
  A water elemental (D:11)
  2 wyverns
  62 yaks
  A basilisk (Lair:2)
  A hungry ghost (D:7)
  Edmund (D:5)
  3 swamp worms (Lair:3)
  3 water moccasins
  5 porcupines
  4 black bears
  5 orc warriors
  2 slaves (D:6)
  4 ice beasts
  5 phantoms
  2 sky beasts
  4 ogres
  20 wolves
  2 eyes of draining (D:11)
  9 crocodiles
  10 centaurs
  2 big kobolds (D:12)
  12 bullfrogs
  Blork the orc (D:6)
  A gnoll sergeant (D:5)
  2 scorpions (Lair:2)
  A water moccasin skeleton (D:5)
  9 killer bees
  10 wights
  3 electric eels
  10 crimson imps
  2 bullfrog zombies
  6 jellies
  6 hounds
  10 orc wizards
  2 centaur skeletons
  3 orc priests
  4 bullfrog skeletons
  2 gnoll shamans (D:8)
  3 iguanas
  Ijyb (D:3)
  2 hell rats (D:10)
  14 worker ants
  7 hound skeletons
  A worker ant zombie (D:10)
  7 adders
  8 gnolls (D:8)
  3 shadow imps
  10 oozes
  2 adder skeletons
  A worm (Lair:2)
  3 dart slugs
  2 leopard geckos
  39 orcs
  3 bats
  5 giant cockroaches
  13 goblins
  7 hobgoblins
  4 jackals (D:6)
  10 quokkas
  3 frilled lizards
  18 kobolds
  A leopard gecko skeleton (D:7)
  A quokka zombie (D:5)
  9 rats
504 creatures vanquished.

Vanquished Creatures (others)
  A bush (Lair:6)
  20 fungi
  30 plants
  15 toadstools (Lair:2)
66 creatures vanquished.

Grand Total: 570 creatures vanquished

Notes
Turn   | Place    | Note
-------+----------+-------------------------------------------
     0 | D:1      | Mrkan the Minotaur Fighter began the quest for the Orb.
     0 | D:1      | Reached XP level 1. HP: 19/19 MP: 0/0
   231 | D:1      | Reached XP level 2. HP: 27/27 MP: 1/1
   310 | D:1      | Reached skill level 3 in Maces & Flails
   961 | D:2      | Reached XP level 3. HP: 33/33 MP: 2/2
  1031 | D:2      | Noticed Sigmund
  1052 | D:2      | Killed Sigmund
  1052 | D:2      | Reached skill level 4 in Maces & Flails
  1052 | D:2      | Reached XP level 4. HP: 38/41 MP: 3/3
  1052 | D:2      | Reached XP level 5. HP: 44/47 MP: 4/4
  1197 | D:2      | Reached skill level 5 in Maces & Flails
  1292 | D:2      | Found a blossoming altar of Fedhas.
  1301 | D:2      | Found a stormy altar of Qazlal.
  1384 | D:2      | Became a worshipper of Fedhas Madash
  1630 | D:3      | Noticed Grinder
  1655 | D:3      | Noticed Ijyb
  1657 | D:3      | Killed Grinder
  1657 | D:3      | Reached skill level 5 in Fighting
  1657 | D:3      | Reached skill level 5 in Armour
  1657 | D:3      | Reached skill level 5 in Shields
  1657 | D:3      | Reached XP level 6. HP: 31/56 MP: 5/5
  1672 | D:3      | Killed Ijyb
  2088 | D:3      | Found a basalt altar of Yredelemnul.
  2739 | D:3      | Reached skill level 6 in Maces & Flails
  3113 | D:4      | Reached * piety under Fedhas
  3394 | D:4      | Reached XP level 7. HP: 49/61 MP: 6/6
  3647 | D:4      | Found a staircase to the Ecumenical Temple.
  4095 | D:5      | Entered Level 5 of the Dungeon
  4114 | D:5      | Noticed Edmund
  4140 | D:5      | Killed Edmund
  4176 | D:5      | Reached skill level 7 in Maces & Flails
  4375 | D:5      | Reached XP level 8. HP: 70/70 MP: 7/7
  4462 | D:5      | Got a warped ring mail
  4483 | D:5      | Found a runed translucent door.
  4484 | D:5      | Noticed harlaan's ghost (novice DESu)
  4558 | D:5      | Found a burning altar of Makhleb.
  4564 | D:5      | Found a glowing silver altar of Zin.
  4564 | D:5      | Noticed an angel
  4565 | D:5      | Noticed a blizzard demon
  4583 | D:5      | Found an iron altar of Okawaru.
  4666 | D:5      | Reached ** piety under Fedhas
  4666 | D:5      | Reached skill level 8 in Maces & Flails
  5398 | D:6      | Noticed Blork the orc
  5404 | D:6      | Noticed Pikel
  5412 | D:6      | Killed Blork the orc
  5412 | D:6      | Reached skill level 9 in Maces & Flails
  5434 | D:6      | Killed Pikel
  5434 | D:6      | Reached XP level 9. HP: 71/79 MP: 8/8
  5759 | D:6      | Found a bloodstained altar of Trog.
  5815 | D:6      | Found a hazy altar of Hepliaklqana.
  5815 | D:6      | Found a shadowy altar of Dithmenos.
  6100 | D:7      | Reached skill level 10 in Maces & Flails
  6219 | D:7      | Identified the +8 ring mail of Indemnity {Str+3} (You found
                  | it on level 5 of the Dungeon)
  6478 | D:7      | Reached *** piety under Fedhas
  7214 | D:8      | Found a shimmering blue altar of Sif Muna.
  7463 | D:8      | Reached skill level 11 in Maces & Flails
  7603 | D:8      | Reached XP level 10. HP: 90/90 MP: 9/9
  8285 | D:9      | Found a shimmering altar of Xom.
  8452 | D:9      | Found a runed translucent gate.
  8464 | D:9      | Found a runed translucent gate.
  8464 | D:9      | Found a runed translucent gate.
  8466 | D:9      | Noticed Jielooc's ghost (novice DEFE)
  8810 | D:9      | Reached **** piety under Fedhas
  8894 | D:9      | Found a hide-covered altar of Uskayaw.
  9123 | D:9      | Reached skill level 12 in Maces & Flails
  9710 | D:10     | Entered Level 10 of the Dungeon
  9907 | D:10     | Noticed Nergalle
  9945 | D:10     | Killed Nergalle
 10130 | D:10     | Noticed a death yak
 10135 | D:10     | Noticed a death yak
 10138 | D:10     | Noticed a death yak
 10148 | D:10     | Killed a death yak
 10160 | D:10     | Killed a death yak
 10160 | D:10     | Reached XP level 11. HP: 24/99 MP: 10/10
 10166 | D:10     | Killed a death yak
 10166 | D:10     | Reached skill level 10 in Armour
 10167 | D:10     | Reached skill level 13 in Maces & Flails
 10167 | D:10     | Reached skill level 10 in Shields
 10178 | D:10     | Found a staircase to the Lair.
 10189 | D:10     | Reached ***** piety under Fedhas
 10196 | D:10     | Reached skill level 10 in Fighting
 10991 | D:10     | Noticed a fire dragon
 11000 | D:10     | Reached skill level 1 in Invocations
 11014 | D:10     | Killed a fire dragon
 11538 | Lair:1   | Entered Level 1 of the Lair of Beasts
 11685 | Lair:1   | Reached skill level 5 in Invocations
 13158 | Lair:2   | Noticed Erica
 13178 | Lair:2   | Killed Erica
 13533 | Lair:2   | Found a hole to the Spider Nest.
 13689 | Lair:2   | Reached XP level 12. HP: 104/106 MP: 17/17
 13991 | Lair:2   | Found a blossoming altar of Fedhas.
 14154 | Lair:3   | Reached skill level 10 in Invocations
 14558 | Lair:3   | Noticed Gastronok
 14581 | Lair:3   | Killed Gastronok
 14864 | Lair:3   | Identified the Collected Works on Torrid Necromancy
 14993 | Lair:3   | Found a staircase to the Swamp.
 15691 | Lair:3   | Noticed Fannar
 15713 | Lair:3   | Killed Fannar
 16010 | Lair:4   | Reached skill level 1 in Dodging
 16459 | Lair:4   | Reached skill level 5 in Dodging
 17694 | Lair:4   | Reached XP level 13. HP: 98/113 MP: 21/21
 18506 | Lair:5   | Found a staircase to the Slime Pits.
 19144 | Lair:6   | Entered Level 6 of the Lair of Beasts
 19960 | Lair:6   | Reached skill level 10 in Dodging
 20002 | Lair:6   | Reached skill level 14 in Maces & Flails
 20226 | Lair:6   | Reached skill level 16 in Maces & Flails
 20226 | Lair:6   | Reached XP level 14. HP: 33/121 MP: 22/22
 20723 | Lair:6   | Reached ****** piety under Fedhas
 21530 | Lair:6   | Reached XP level 15. HP: 90/128 MP: 23/23
 23595 | D:12     | Noticed Snorg
 23625 | D:12     | Slain by Snorg

Illustrated notes

Levels and vault maps discovered:
D:1:      ncdulo_wetmaze, layout_loops_corners
D:2:      layout_loops_ring, grunt_temple_overflow_forces_of_nature,
          first_ration, uniq_sigmund
D:3:      layout_basic, lemuel_round_altar, roderic_filled_cross, uniq_ijyb,
          uniq_grinder
D:4:      layout_basic, minmay_temple_entry_statues_pillars
D:5:      cheibrodos_barr_body, layout_rooms,
          grunt_temple_overflow_order_and_chaos_2, okawaru_altar_gauntlet_db,
          ebering_ghost_inner_flame, kennysheep_donut, uniq_edmund
D:6:      layout_loops_ring, riverfiend_overflow_shadow_ancestor,
          lightli_temple_of_fire, serial_glass, glass_columns_a,
          glass_columns_a, uniq_blork_the_orc, uniq_pikel
D:7:      layout_gridville
D:8:      layout_basic, led_sif_book
D:9:      layout_loops_corners, xom_butterflies, eat_drink_and_be_merry_uskayaw,
          gammafunk_ghost_icy, chequers_mini_garden,
          hangedman_little_slice_of_home
D:10:     layout_roguey, dpeg_lair_monsters, lightli_fourway_metalbox,
          uniq_nergalle
D:11:     layout_basic, serial_bayou_lagoon_b
D:12:     layout_long_grid, orc_0_dummy, uniq_snorg
Lair:1:   layout_loops_ring, uniq_grum
Lair:2:   layout_regular_city, nicolae_spider_entry_non_spiders, tgw_fedhas,
          uniq_erica
Lair:3:   layout_hall_layers, nicolae_swamp_entry_splash_gauntlet,
          serial_bayou_shore_b, uniq_fannar, uniq_gastronok
Lair:4:   layout_long_grid, beast_lair_carwin_2, lemuel_fruit_tree
Lair:5:   layout_gridlike, nicolae_slime_entry_slimehenge,
          lightli_volcano_entry_magma_tube, beast_lair_carwin_3,
          serial_bayou_shore_a, grunt_megastairs_2
Lair:6:   evilmike_catoblepas_cave, layout_loops_ring

Skill      XL: |  1  2  3  4  5  6  7  8  9 10 11 12 13 14 15 |
---------------+----------------------------------------------+-----
Maces & Flails | 3 4 5 6 7 9 11 12 13 16 | 16.1
Fighting       | 4 5 6 7 8 9 10 11 | 11.5
Armour         | 4 5 6 7 8 9 10 | 10.9
Shields        | 4 5 6 7 8 9 10 11 12 | 12.6
Invocations    | 9 12 | 12.0
Dodging        | 6 10 | 10.0

Action                   |  1- 3 |  4- 6 |  7- 9 | 10-12 | 13-15 || total
-------------------------+-------+-------+-------+-------+-------++-------
Melee: Flail             |    69 |   158 |   414 |   682 |   143 ||  1466
       Headbutt          |    15 |    19 |    72 |   216 |   142 ||   464
       Whip              |       |       |       |   297 |       ||   297
       Morningstar       |       |       |       |       |   595 ||   595
  Use: Scroll            |       |       |     4 |    27 |     2 ||    33
       Potion            |       |       |       |     2 |     5 ||     7
 Stab: Petrified         |       |       |       |       |     1 ||     1
  Eat: Chunk             |       |     8 |    13 |    27 |    17 ||    65
       Ration            |       |       |       |     2 |     1 ||     3
Armor: Scale mail        |    12 |       |       |       |       ||    12
       Chain mail        |    16 |    73 |       |       |       ||    89
       Plate armour      |       |     1 |   171 |       |       ||   172
       Ring mail         |       |       |    59 |   282 |       ||   341
       Gold dragon scale |       |       |       |   128 |   453 ||   581
Dodge: Dodged            |    18 |    24 |    84 |   259 |   228 ||   613
Block: Kite shield       |    31 |    66 |   230 |   469 |   408 ||  1204

Table legend:
 A = Non-vault XP
 B = Vault XP
 C = Vault XP percentage of total XP
 D = Non-vault monster count
 E = Vault monster count
 F = Vault count percentage of total count
                 A         B        C        D         E       F
            +---------+---------+-------+---------+---------+-------
      Total |   50910 |   27751 |  35.3 |     395 |     107 |  21.3
            +---------+---------+-------+---------+---------+-------
        D:1 |      29 |       0 |   0.0 |      16 |       0 |   0.0
        D:2 |     101 |     212 |  67.7 |      20 |       1 |   4.8
        D:3 |      45 |     303 |  87.1 |      16 |       2 |  11.1
        D:4 |     225 |       0 |   0.0 |      14 |       0 |   0.0
        D:5 |     799 |     568 |  41.6 |      21 |      16 |  43.2
        D:6 |     380 |     704 |  64.9 |      13 |       2 |  13.3
        D:7 |    1281 |       0 |   0.0 |      21 |       0 |   0.0
        D:8 |    1183 |      40 |   3.3 |      29 |       1 |   3.3
        D:9 |    2639 |     160 |   5.7 |      34 |       8 |  19.0
       D:10 |     938 |    4658 |  83.2 |      20 |      14 |  41.2
       D:11 |    5343 |       0 |   0.0 |      35 |       0 |   0.0
       D:12 |    2707 |       0 |   0.0 |      23 |       0 |   0.0
     Lair:1 |    3995 |       0 |   0.0 |      20 |       0 |   0.0
     Lair:2 |    2891 |    1466 |  33.6 |      15 |       9 |  37.5
     Lair:3 |    5496 |    4500 |  45.0 |      23 |       9 |  28.1
     Lair:4 |    4861 |    1061 |  17.9 |      20 |       7 |  25.9
     Lair:5 |    1105 |    2776 |  71.5 |       8 |      15 |  65.2
     Lair:6 |   16892 |   11303 |  40.1 |      47 |      23 |  32.9
            +---------+---------+-------+---------+---------+-------
